 Dungeon Crawl Stone Soup version 0.30.0-29-ga12c61a403 (webtiles) character file.

Game seed: 8683613915987307178

35 qw the Chopper (level 3, 0/23 HPs)
             Began as a Gargoyle Fighter on June 2, 2023.
             Slain by a cerulean imp
             ... wielding a +2 spear
             ... summoned by Natasha
              (4 damage)
             ... on level 2 of the Dungeon.
             The game lasted 00:00:37 (1038 turns).

qw the Chopper (Gargoyle Fighter)                   Turns: 1038, Time: 00:00:38

Health: 0/23       AC: 14    Str: 21    XL:     3   Next: 33%
Magic:  3/3        EV:  5    Int:  8    God:
Gold:   81         SH:  9    Dex:  9    Spells: 2/2 levels left

rFire   . . .        Y - +0 war axe
rCold   . . .        c - +0 buckler
rNeg    + . .        j - +0 plate armour
rPois   inf          (no helmet)
rElec   +            (no cloak)
rCorr   .            (no gloves)
SInv    .            (no boots)
Will    .....        f - amulet of reflection Stlth
                     (no ring)
HPRegen 0.23/turn    (no ring)
MPRegen 0.08/turn

%: reflection
@: no status effects
A: sickness immunity, AC +3, negative energy resistance 1, electricity
resistance, torment resistance 1, petrification resistance
a: no special abilities


You were on level 2 of the Dungeon.
You visited 1 branch of the dungeon, and saw 2 of its levels.

You collected 81 gold pieces.


Innate Abilities, Weirdness & Mutations

You are immune to sickness and miasma.
Your stone body is resilient. (AC +3)
You are immune to poison.
You resist negative energy. (rN+)
You are resistant to electric shocks. (rElec)
You are resistant to unholy torment.
You are immune to petrification.


   Skills:
 - Level 3.2 Fighting
 + Level 3.3 Axes
 - Level 3.2 Armour
 - Level 3.2 Shields


You had 2 spell levels left.
You didn't know any spells.
Your spell library was empty.

Inventory:

Hand Weapons
 h - a +0 whip
 Y - a +0 war axe (weapon)
Armour
 c - a +0 buckler (worn)
 j - a +0 plate armour (worn)
Jewellery
 f - an amulet of reflection (around neck)
Scrolls
 a - a scroll of magic mapping {unknown}
 b - a scroll of fear {unknown}
Potions
 d - a potion of might

Dungeon Overview and Level Annotations

Branches:
Dungeon (2/15)

Altars:

Annotations:
D:2 Natasha


Message History

You closely miss the goblin. You block the goblin's attack. Natasha claws you.
You barely miss Natasha. You closely miss the goblin.
The goblin completely misses you. You block the cerulean imp's attack.
Natasha hisses.
Natasha casts a spell at you.
The magic dart hits you but does no damage.
You block the goblin's attack.
The cerulean imp hits you but does no damage.
You barely miss Natasha. You completely miss the goblin.
Natasha barely misses you. The goblin hits you but does no damage.
You block the cerulean imp's attack. Natasha claws you but does no damage.
You hit Natasha but do no damage. You slash the goblin!
You kill the goblin!
You block the cerulean imp's attack. Natasha barely misses you.
You barely miss Natasha.
The cerulean imp hits you from afar with a +2 spear.
Natasha barely misses you.
The cerulean imp hits you from afar with a +2 spear.
You closely miss Natasha. Natasha claws you.
You block the cerulean imp's attack.
Natasha growls.
You block Natasha's attack.
You barely miss Natasha.
The cerulean imp hits you but does no damage.
Natasha completely misses you.
You closely miss Natasha.
The cerulean imp hits you from afar with a +2 spear.
Natasha claws you but does no damage.
The cerulean imp hits you but does no damage.
You slash Natasha!
Natasha is moderately wounded.
You block Natasha's attack.
The cerulean imp hits you but does no damage.
Natasha stares at you and mumbles some strange words.
The magic dart hits you.
You slash Natasha!
Natasha is severely wounded.
The cerulean imp hits you from afar with a +2 spear.
You die...

..#......#.# .
..........#.#
............####..
..................
....######.######.
.... ####'#####
... #........# ..
#....)...#
#....@...#
#....h)..#
#.....5..#
#...........
..........)...h
##########......
...... .)....
......


You could see Natasha and a cerulean imp (summoned).

Vanquished Creatures
  2 dart slugs (D:1)
  2 bats (D:1)
  5 endoplasms
  8 goblins
  A hobgoblin (D:1)
  A quokka (D:1)
  4 ball pythons
  A frilled lizard (D:1)
  2 kobolds (D:1)
  3 rats (D:1)
29 creatures vanquished.

Notes
Turn   | Place    | Note
-------+----------+-------------------------------------------
     0 | D:1      | qw the Gargoyle Fighter began the quest for the Orb.
     0 | D:1      | Reached XP level 1. HP: 14/14 MP: 1/1
     0 | D:1      | 0 ||| qw: Version: 0.2-a-102-gdf20003
     0 | D:1      | 0 ||| qw: Game counter: 920
     0 | D:1      | 0 ||| qw: Always use a shield: true
     0 | D:1      | 0 ||| qw: God list: Okawaru
     0 | D:1      | 0 ||| qw: Allow faded altars: false
     0 | D:1      | 0 ||| qw: Do Orc after D:15 true
     0 | D:1      | 0 ||| qw: Do second Lair branch before Depths: true
     0 | D:1      | 0 ||| qw: Lair rune preference: random
     0 | D:1      | 0 ||| qw: Plans: Normal, Zot:1-4, Slime:5, God:TSO, Crypt,
                  | Tomb, Pan, Hells, Abyss, Win
     0 | D:1      | 0 ||| PLANNING D:1-11
    64 | D:1      | HP: 3/14 [kobold/+0 whip (4)]
    66 | D:1      | 66 ||| FLEEEEING.
    67 | D:1      | 67 ||| FLEEEEING.
    68 | D:1      | 68 ||| FLEEEEING.
    69 | D:1      | 69 ||| FLEEEEING.
    70 | D:1      | 70 ||| FLEEEEING.
    71 | D:1      | 71 ||| FLEEEEING.
    72 | D:1      | 72 ||| FLEEEEING.
    73 | D:1      | 73 ||| FLEEEEING.
    74 | D:1      | 74 ||| FLEEEEING.
    75 | D:1      | 75 ||| FLEEEEING.
    76 | D:1      | 76 ||| FLEEEEING.
    77 | D:1      | 77 ||| FLEEEEING.
    78 | D:1      | 78 ||| FLEEEEING.
    79 | D:1      | 79 ||| FLEEEEING.
    80 | D:1      | 80 ||| FLEEEEING.
    81 | D:1      | 81 ||| FLEEEEING.
    82 | D:1      | 82 ||| FLEEEEING.
    83 | D:1      | 83 ||| FLEEEEING.
    84 | D:1      | 84 ||| FLEEEEING.
    85 | D:1      | 85 ||| FLEEEEING.
    86 | D:1      | 86 ||| FLEEEEING.
    87 | D:1      | 87 ||| FLEEEEING.
    88 | D:1      | 88 ||| FLEEEEING.
    89 | D:1      | 89 ||| FLEEEEING.
    90 | D:1      | 90 ||| FLEEEEING.
    91 | D:1      | 91 ||| FLEEEEING.
    92 | D:1      | 92 ||| FLEEEEING.
    94 | D:1      | 94 ||| FLEEEEING.
    95 | D:1      | 95 ||| FLEEEEING.
    96 | D:1      | 96 ||| FLEEEEING.
   164 | D:1      | Reached XP level 2. HP: 15/19 MP: 2/2
   257 | D:1      | 257 ||| Stepping ~*~*~tactically~*~*~ (hiding).
   456 | D:1      | 456 ||| Stepping ~*~*~tactically~*~*~ (hiding).
   465 | D:1      | Reached skill level 3 in Axes
   589 | D:1      | Reached XP level 3. HP: 23/23 MP: 3/3
   739 | D:1      | 739 ||| Stepping ~*~*~tactically~*~*~ (stealth).
   845 | D:1      | 845 ||| UPGRADING to +0 plate armour.
   855 | D:1      | 855 ||| DROPPING +0 scale mail.
   856 | D:1      | 856 ||| UPGRADING to amulet of reflection.
   861 | D:1      | 861 ||| DROPPING ring of wizardry.
   862 | D:1      | 862 ||| READING scroll labelled FEEXAPH GACWEUNTA.
   863 | D:1      | 863 ||| READING 2 scrolls labelled TAEHIA LAKESAKH.
   864 | D:1      | 864 ||| DROPPING scroll of immolation.
   936 | D:2      | 936 ||| Stepping ~*~*~tactically~*~*~ (stealth).
  1015 | D:2      | Noticed Natasha
  1016 | D:2      | 1016 ||| Stepping ~*~*~tactically~*~*~ (stealth).
  1018 | D:2      | 1018 ||| Stepping ~*~*~tactically~*~*~ (stealth).
  1037 | D:2      | HP: 3/23 [Natasha/magic dart (6)]
  1038 | D:2      | Slain by a cerulean imp

Levels and vault maps discovered:
D:1:      matt_arrival_los_fun, layout_basic
D:2:      layout_basic, ebering_ecumenical_altar_rust, uniq_natasha, uniq_robin

Skill      XL: |  1  2 |
---------------+-------+-----
Axes           | 2 3 |  3.3
Fighting       | |  3.2
Armour         | |  3.2
Shields        | |  3.2

Action                     || total
---------------------------++-------
  Melee: War axe           ||   107
    Use: Scroll            ||     2
 Armour: Scale mail        ||    48
         Plate armour      ||    14
  Dodge: Dodged            ||    39
  Block: Buckler           ||    31

Table legend:
 A = Non-vault XP
 B = Vault XP
 C = Vault XP percentage of total XP
 D = Non-vault monster count
 E = Vault monster count
 F = Vault count percentage of total count
                 A         B        C        D         E       F
            +---------+---------+-------+---------+---------+-------
      Total |      50 |       0 |   0.0 |      29 |       0 |   0.0
            +---------+---------+-------+---------+---------+-------
        D:1 |      42 |       0 |   0.0 |      24 |       0 |   0.0
        D:2 |       8 |       0 |   0.0 |       5 |       0 |   0.0
            +---------+---------+-------+---------+---------+-------
